 Dungeon Crawl Stone Soup version 0.22-a0-359-g5e80d7e (webtiles) character file.

1024 Snikeer the Skirmisher (level 8, -5/58 HPs)
             Began as an Octopode Berserker on Apr 18, 2018.
             Was a Priest of Trog.
             Slain by an orc
             ... wielding a +0 falchion
              (9 damage)
             ... on level 5 of the Dungeon.
             The game lasted 00:11:19 (5623 turns).

Snikeer the Skirmisher (Octopode Berserker)         Turns: 5623, Time: 00:11:19

Health: -5/58      AC:  1    Str: 18    XL:     8   Next: 22%
Magic:  8/8        EV: 16    Int:  9    God:    Trog [***...]
Gold:   102        SH:  0    Dex: 12    Spells: 7/7 levels left

rFire    . . .     SeeInvis .   n - +0 trident (venom)
rCold    . . .     Gourm    .   (no shield)
rNeg     . . .     Faith    .   (helmet restricted)
rPois    .         Spirit   .   (no amulet)
rElec    .         Reflect  .   (no ring)
rCorr    .         Harm     .   (no ring)
MR       ++...                  (no ring)
Stlth    +++.......             (no ring)
HPRegen  1.19/turn              (no ring)
MPRegen  0.11/turn              (no ring)
                                (no ring)
                                (no ring)

@: berserk cooldown, regenerating, slowed, very slow
A: almost no armour, stealthy swim, amphibious, 8 rings, constrict 8, camouflage
1, gelatinous body 1
a: Berserk, Trog's Hand, Renounce Religion


You were on level 5 of the Dungeon.
You worshipped Trog.
Trog was most pleased with you.
You were very hungry.

You visited 1 branch of the dungeon, and saw 5 of its levels.

You collected 216 gold pieces.
You spent 114 gold pieces at shops.

Inventory:

Hand Weapons
 n - a +0 trident of venom (weapon)
   (You found it on level 4 of the Dungeon)
Wands
 o - a wand of flame (15)
   (You took it off Natasha on level 4 of the Dungeon)
Scrolls
 b - 2 scrolls of teleportation
 d - 3 scrolls of fog
 m - a scroll of enchant weapon
Potions
 c - 3 potions of curing
 h - 4 potions of lignification {!q}
 i - 3 potions of heal wounds
 k - a potion of berserk rage {!q}
Comestibles
 a - 11 rations {@e1}
 f - a chunk of flesh {@w0}


   Skills:
 + Level 6.9 Fighting
 + Level 6.9 Dodging
 - Level 4.0 Stealth
 - Level 3.0 Unarmed Combat


You had 7 spell levels left.
You didn't know any spells.

Dungeon Overview and Level Annotations

Branches:
Dungeon (5/15)             Temple (0/1) D:5

Altars:
Ashenzari
Fedhas
Qazlal
Trog
Yredelemnul

Shops:
D:4 *


Innate Abilities, Weirdness & Mutations

You cannot wear most types of armour.
You are very stealthy in the water. (Stealth+)
You are amphibious.
You can wear up to eight rings at the same time.
You can use your tentacles to constrict eight enemies at once.
Your skin changes colour to match your surroundings (Stealth+).
Your rubbery body absorbs attacks. (AC +1, EV +1)


Message History

f - 4 chunks of flesh {@w0} (gained 1)
You regained 3 hp, and now have 31/58 hp.
You feel the effects of Trog's Hand fading.
Things that are here:
a shortbow; 13 arrows You regained 2 hp, and now have 36/58 hp.
You start resting.
Your skin stops crawling.
You feel less resistant to hostile enchantments.
You regained 4 hp, and now have 42/58 hp.
h - 4 potions of lignification {!q} (gained 2)
An orc wizard comes into view. It is wielding a dagger.
You regained 2 hp, and now have 44/58 hp.
You start resting.
Some of the chunks of flesh in your inventory have rotted away.
You regained 2 hp, and now have 47/58 hp.
You start resting.
HP restored.
Health restored: 58 An adder comes into view.
No target in view!
No target in view! 2 orcs come into view.
The orc shouts! x2; The adder hisses angrily.
You closely miss the adder.
The orc wizard shouts!
Your grab misses the adder.
You hear a shout!
You hear an angry hiss.
The adder misses you.
An orc and an orc priest come into view.
You closely miss the adder. Your grab misses the adder. You squeeze the adder.
The adder closely misses you. The adder barely misses you.
You hit the adder but do no damage.
The adder is poisoned.
Your grab misses the adder. The adder barely misses you.
The orc throws a tomahawk.
The tomahawk hits you! The adder bites you but does no damage.
You take 8 damage, and have 50/58 hp.
The orc priest invokes the aid of Beogh against you.
Beogh smites you!
You take 14 damage, and have 36/58 hp.
MASSIVE DAMAGE!!
Attack whom?
Press: ? - help, Dir - move target cursor
Okay, then.
A hound skeleton comes into view.
The adder closely misses you.
A red film seems to cover your vision as you go berserk!
You feel yourself moving faster!
You feel mighty!
You are feeling hungry.
Trog accepts your kill.
You now have 54/87 hp.
You feel a strong urge to attack something.
You feel your anger nearly subside.
You are no longer berserk.
You are exhausted.
You feel yourself slow down.
The orc priest miscasts a cantrip.
You see here an adder corpse.
You now have 37/58 hp.
The orc closely misses you. The orc priest hits you with a flail!
You take 9 damage, and have 28/58 hp.
You barely miss the orc priest. Your grab misses the orc priest.
The orc misses you. The orc priest completely misses you.
The orc hits you with a falchion. The hound skeleton closely misses you.
The orc priest barely misses you.
You take 2 damage, and have 26/58 hp.
You closely miss the orc priest. You grab the orc priest.
You constrict the orc priest. The hound skeleton misses you.
The orc closely misses you. The hound skeleton bites you.
The orc priest closely misses you. The orc hits you with a falchion.
You take 6 damage, and have 20/58 hp.
You hit the orc priest. Trog accepts your kill.
The hound skeleton completely misses you.
The hound skeleton bites you.
* * * LOW HITPOINT WARNING * * *
The orc completely misses you. The hound skeleton closely misses you.
The orc wizard hits you but does no damage.
The orc closely misses you.
Some of the chunks of flesh in your inventory have rotted away.
An adder comes into view.
You take 3 damage, and have 17/58 hp.
You closely miss the orc wizard.
The adder hisses angrily.
Your grab misses the orc wizard.
The hound skeleton completely misses you.
The orc wizard closely misses you. The hound skeleton misses you.
The orc hits you with a falchion!
* * * LOW HITPOINT WARNING * * *
The orc wizard hits you but does no damage.
The hound skeleton barely misses you. The orc hits you with a falchion.
* * * LOW HITPOINT WARNING * * *
You take 12 damage, and have 5/58 hp.
MASSIVE DAMAGE!!
Okay, then.
Your skin crawls.
You feel resistant to hostile enchantments.
You are feeling very hungry.
The hound skeleton completely misses you.
The orc wizard hits you with a dagger.
* * * LOW HITPOINT WARNING * * *
The orc hits you with a falchion!
You die...

........................
........................
........# #.......).
.......# #......... #.....#
#......... . #...S.#
#......... ... #..oo.#
#......... .... #o#
#####.........
.....#####@###..........###
.........Zo.#........)..#
............#...........#
............#...........#
.....#####.....#+########
..... ####### ####


You could see an orc wizard, an adder, 3 orcs and a hound skeleton.

Vanquished Creatures
  The ghost of Sweetruy1997 the Chopper, an amateur DsCK of Xom (D:3)
  An ice beast (D:2)
  A centaur (D:5)
  2 ogres
  A centaur zombie (D:4)
  3 hounds (D:5)
  An orc priest (D:5)
  2 orc wizards (D:3)
  An iguana (D:4)
  2 worker ants (D:5)
  Natasha (thrice) (D:4)
  8 adders
  An ooze (D:5)
  An adder skeleton (D:4)
  4 worms
  3 dart slugs
  5 leopard geckos
  12 orcs
  4 bats
  7 giant cockroaches
  2 gnoll zombies (D:3)
  7 hobgoblins
  6 jackals
  3 quokkas
  A ball python (D:2)
  5 frilled lizards
  8 goblins
  A jackal skeleton (D:4)
  A leopard gecko skeleton (D:4)
  A rat (D:1)
98 creatures vanquished.

Notes
Turn   | Place    | Note
-------+----------+-------------------------------------------
     0 | D:1      | Snikeer the Octopode Berserker began the quest for the Orb.
     0 | D:1      | Reached XP level 1. HP: 16/16 MP: 1/1
   118 | D:1      | Reached skill level 1 in Stealth
   160 | D:1      | Reached skill level 2 in Stealth
   162 | D:1      | Reached XP level 2. HP: 17/21 MP: 2/2
   218 | D:1      | Reached skill level 3 in Stealth
   482 | D:1      | Reached ** piety under Trog
   634 | D:1      | Reached XP level 3. HP: 26/26 MP: 3/3
   682 | D:1      | Reached skill level 4 in Stealth
  1687 | D:2      | Noticed an ice beast
  1786 | D:2      | HP: 8/39 [ice beast (9)]
  1787 | D:2      | Killed an ice beast
  1787 | D:2      | Reached skill level 4 in Fighting
  1787 | D:2      | Reached skill level 4 in Dodging
  1787 | D:2      | Reached XP level 4. HP: 10/33 MP: 4/4
  1787 | D:2      | Reached XP level 5. HP: 11/37 MP: 5/5
  2112 | D:2      | Found a stormy altar of Qazlal.
  2118 | D:2      | Found a blossoming altar of Fedhas.
  2779 | D:3      | Noticed Sweetruy1997's ghost (amateur DsCK)
  2921 | D:3      | Reached XP level 6. HP: 44/44 MP: 6/6
  3168 | D:3      | Killed Sweetruy1997's ghost
  3168 | D:3      | Reached skill level 5 in Fighting
  3168 | D:3      | Reached skill level 5 in Dodging
  3347 | D:3      | Found a shattered altar of Ashenzari.
  3563 | D:3      | Found a basalt altar of Yredelemnul.
  3671 | D:3      | Found a bloodstained altar of Trog.
  3704 | D:4      | Reached XP level 7. HP: 50/50 MP: 7/7
  3742 | D:4      | Noticed Natasha
  3972 | D:4      | Killed Natasha
  4017 | D:4      | Noticed Natasha
  4027 | D:4      | Killed Natasha
  4222 | D:4      | Reached *** piety under Trog
  4441 | D:4      | Reached skill level 6 in Dodging
  4444 | D:4      | Reached skill level 6 in Fighting
  4466 | D:4      | Found Ylud's General Store.
  4476 | D:4      | Bought a scroll of enchant weapon for 90 gold pieces
  4694 | D:4      | Noticed Natasha
  4702 | D:4      | Killed Natasha
  4939 | D:5      | Entered Level 5 of the Dungeon
  5253 | D:4      | Bought a scroll of identify for 24 gold pieces
  5297 | D:5      | Found a staircase to the Ecumenical Temple.
  5470 | D:5      | Reached XP level 8. HP: 28/58 MP: 8/8
  5622 | D:5      | HP: 9/58 [orc/falchion (9)]
  5623 | D:5      | HP: 4/58 [orc wizard/dagger (2)]
  5623 | D:5      | Slain by an orc

Vault maps used:
D:1:      lemuel_arrival_river_bridge
D:2:      grunt_temple_overflow_forces_of_nature
D:3:      nicolae_ashenzari_panopticon, bloody_trog,
          lemuel_zombie_altar_yredelemnul, first_ration,
          kennysheep_cross_bottleneck
D:4:      kennysheep_spiral_hall, serial_shops, shop, eino_tiny_chamber,
          serial_bayou_lagoon_b, uniq_natasha
D:5:      minmay_temple_entry_statues_pillars

Skill      XL: |  1  2  3  4  5  6  7 |
---------------+----------------------+-----
Stealth        | 2 3 4 |  4.0
Fighting       | 4 5 6 |  6.9
Dodging        | 4 5 6 |  6.9
Unarmed Combat | |  3.0

Action                   |  1- 3 |  4- 6 |  7- 9 || total
-------------------------+-------+-------+-------++-------
Melee: Unarmed           |    68 |    90 |    56 ||   214
       Constrict         |    17 |    27 |    21 ||    65
       Tentacles         |    13 |    23 |    20 ||    56
       Punch             |     2 |     1 |     3 ||     6
       Trident           |       |       |    38 ||    38
Invok: Berserk           |     1 |     4 |     4 ||     9
       Trog's Hand       |       |     1 |     2 ||     3
  Use: Scroll            |       |       |     9 ||     9
 Stab: Sleeping          |     6 |     2 |     9 ||    17
  Eat: Chunk             |     3 |     9 |     7 ||    19
       Ration            |       |       |     1 ||     1
Armor: Skin              |     4 |     2 |     5 ||    11
Dodge: Dodged            |    29 |    46 |    64 ||   139

Table legend:
 A = Spawn XP
 B = Non-spawn XP
 C = Spawn XP percentage of total XP
 D = Spawn monster count
 E = Non-spawn monster count
 F = Spawn count percentage of total count
 G = Total turns spent on level
                    A         B        C        D         E        F      G
               +---------+---------+-------+---------+---------+-------+---------
         Total |       0 |    1463 |   0.0 |       0 |      98 |   0.0 |  5623
               +---------+---------+-------+---------+---------+-------+---------
           D:1 |       0 |      47 |   0.0 |       0 |      24 |   0.0 |  1233
           D:2 |       0 |     179 |   0.0 |       0 |      15 |   0.0 |  1510
           D:3 |       0 |     338 |   0.0 |       0 |      23 |   0.0 |   982
           D:4 |       0 |     398 |   0.0 |       0 |      24 |   0.0 |  1352
           D:5 |       0 |     501 |   0.0 |       0 |      12 |   0.0 |   546
               +---------+---------+-------+---------+---------+-------+---------

Vault maps used:
D:1:      lemuel_arrival_river_bridge
D:2:      grunt_temple_overflow_forces_of_nature
D:3:      nicolae_ashenzari_panopticon, bloody_trog,
          lemuel_zombie_altar_yredelemnul, first_ration,
          kennysheep_cross_bottleneck
D:4:      kennysheep_spiral_hall, serial_shops, shop, eino_tiny_chamber,
          serial_bayou_lagoon_b, uniq_natasha
D:5:      minmay_temple_entry_statues_pillars

Table legend:
 A = Turns spent in this place as a percentage of turns spent in the entire game.
 B = Non-inter-level travel turns spent in this place as a percentage of non-inter-level travel turns spent in the entire game.
 C = Inter-level travel turns spent in this place as a percentage of turns spent in this place.
 D = Turns resting spent in this place as a percentage of non-inter-level travel turns spent in this place.
 E = Turns spent auto-exploring this place as a percentage of non-inter-level travel turns spent in this place.
 F = Non-inter-level travel turns spent in this place divided by the number of levels of this place that you've seen.
                   A       B       C       D       E      F
               +-------+-------+-------+-------+-------+----------------------
         Total | 100.0 | 100.0 |   8.3 |  32.8 |  49.8 | 1031.2
       Dungeon | 100.0 | 100.0 |   8.3 |  32.8 |  49.8 | 1031.2
               +-------+-------+-------+-------+-------+----------------------

Table legend:
 A = Kills in this place as a percentage of kills in entire the game.
 B = Kills by you in this place as a percentage of kills by you in the entire game.
 C = Kills by friends in this place as a percentage of kills by friends in the entire game.
 D = Other kills in this place as a percentage of other kills in the entire game.
 E = Experience gained in this place as a percentage of experience gained in the entire game.
 F = Experience gained in this place divided by the number of levels of this place that you have seen.
                   A       B       C       D       E      F
               +-------+-------+-------+-------+-------+----------------------
         Total | 100.0 | 100.0 |   N/A |   N/A | 100.0 | 292.6
       Dungeon | 100.0 | 100.0 |   N/A |   N/A | 100.0 | 292.6
               +-------+-------+-------+-------+-------+----------------------
